TOP OF THE 1ST |
New Orleans Looters batting - Pitching for El Dorado Oilers : RHP Francisco Ríos
|
Pitching: RHP Francisco Ríos
|
|
Batting: RHB Tim Gardner
|
0-0: Ground out 5-3 (Groundball, 5S)
|
Batting: RHB Rubén Vázquez
|
0-0: Reached on error, E4 (Groundball, 4M)
|
Batting: LHB Seung-chun Mun
|
0-0: Called Strike 0-1: Ball 1-1: Ball 2-1: Foul Ball, location: 2F 2-2: Foul Ball, location: 2F 2-2: Foul Ball, location: 2F 2-2: Ground out U3 (Groundball, 3) Rubén Vázquez to third
|
Batting: LHB Taylor Smith
|
0-0: Called Strike 0-1: Swinging Strike 0-2: 2-RUN HOME RUN (Flyball, 89XD), Distance : 407 ft
|
Batting: RHB Stephen Shaw
|
0-0: Called Strike 0-1: Called Strike 0-2: Ball 1-2: Fly out, F6 (Popup, 6)
|
Top of the 1st over - 2 run(s), 1 hit(s), 1 error(s), 0 left on base; New Orleans 2 - El Dorado 0 |
BOTTOM OF THE 1ST |
El Dorado Oilers batting - Pitching for New Orleans Looters : RHP Ienobu Sato
|
Pitching: RHP Ienobu Sato
|
|
Batting: SHB Theron Harper
|
0-0: Called Strike 0-1: Fly out, F6 (Popup, 6)
|
Batting: LHB Ashley Pickhills
|
0-0: Swinging Strike 0-1: Called Strike 0-2: Ball 1-2: Foul Ball, location: 2F 1-2: DOUBLE (Flyball, 78M)
|
Batting: LHB Tony Abete
|
0-0: Called Strike 0-1: Ball 1-1: Ball 2-1: Fly out, F7 (Flyball, 78M)
|
Batting: LHB José Hernández
|
0-0: Foul Ball, location: 2F 0-1: Ball 1-1: DOUBLE (Line Drive, 78XD) Ashley Pickhills scores
|
Batting: RHB Sixto Vélez
|
0-0: Called Strike 0-1: Swinging Strike 0-2: Ball 1-2: Ball 2-2: Foul Ball, location: 2F 2-2: Ball 3-2: Strikes out swinging
|
Bottom of the 1st over - 1 run(s), 2 hit(s), 0 error(s), 1 left on base; New Orleans 2 - El Dorado 1 |
TOP OF THE 2ND |
New Orleans Looters batting - Pitching for El Dorado Oilers : RHP Francisco Ríos
|
Batting: RHB Dave O'Loan
|
0-0: Called Strike 0-1: Ball 1-1: Ball 2-1: Called Strike 2-2: Ball 3-2: Ground out 6-3 (Groundball, 6)
|
Batting: LHB Eduardo Rodríguez
|
0-0: SINGLE (Flyball, 8RS) - OUT at second base trying to stretch hit.
|
Batting: RHB Run-ming Zhu
|
0-0: Fly out, F8 (Flyball, 8RM)
|
Top of the 2nd over - 0 run(s), 1 hit(s), 0 error(s), 0 left on base; New Orleans 2 - El Dorado 1 |
BOTTOM OF THE 2ND |
El Dorado Oilers batting - Pitching for New Orleans Looters : RHP Ienobu Sato
|
Batting: RHB Chris Parker
|
0-0: Ball 1-0: Foul Ball, location: 2F 1-1: Ball 2-1: Ball 3-1: Swinging Strike 3-2: Fly out, F7 (Flyball, 78D)
|
Batting: RHB Bob Johnson
|
0-0: Ball 1-0: Ball 2-0: Called Strike 2-1: Ground out 6-3 (Groundball, 6)
|
Batting: LHB José Martínez
|
0-0: Swinging Strike 0-1: Ball 1-1: Swinging Strike 1-2: Foul Ball, location: 2F 1-2: Foul Ball, location: 2F 1-2: Ball 2-2: Strikes out swinging
|
Bottom of the 2nd over - 0 run(s), 0 hit(s), 0 error(s), 0 left on base; New Orleans 2 - El Dorado 1 |
TOP OF THE 3RD |
New Orleans Looters batting - Pitching for El Dorado Oilers : RHP Francisco Ríos
|
Batting: LHB Francisco Vega
|
0-0: Fly out, F7 (Flyball, 7LSF)
|
Batting: RHB Tim Gardner
|
0-0: Called Strike 0-1: Ball 1-1: Swinging Strike 1-2: Ball 2-2: Ball 3-2: SINGLE (Groundball, 6MD)
|
Batting: RHB Rubén Vázquez
|
0-0: Called Strike 0-1: Swinging Strike 0-2: Ball 1-2: Strikes out looking
|
Batting: LHB Seung-chun Mun
|
0-0: Ball 1-0: Ground out 4-3 (Groundball, 34)
|
Top of the 3rd over - 0 run(s), 1 hit(s), 0 error(s), 1 left on base; New Orleans 2 - El Dorado 1 |
BOTTOM OF THE 3RD |
El Dorado Oilers batting - Pitching for New Orleans Looters : RHP Ienobu Sato
|
Batting: RHB José Carlos Caraballo
|
0-0: Called Strike 0-1: Swinging Strike 0-2: Ball 1-2: SINGLE (Line Drive, 34)
|
Batting: SHB Theron Harper
|
0-0: Called Strike 0-1: Ball 1-1: Called Strike 1-2: Foul Ball, location: 2F 1-2: Foul Ball, location: 2F 1-2: Foul Ball, location: 2F 1-2: Ball 2-2: Foul Ball, location: 2F 2-2: Strikes out swinging José Carlos Caraballo steals 2nd base Batter strikes out.
|
Batting: LHB Ashley Pickhills
|
0-0: Ball 1-0: Called Strike 1-1: Ball 2-1: Ball 3-1: Called Strike 3-2: Base on Balls
|
Batting: LHB Tony Abete
|
0-0: Ball 1-0: SINGLE (Line Drive, 4MD) José Carlos Caraballo to third Ashley Pickhills to second Runner from 3rd tries for Home, throw and OUT! Ashley Pickhills to third Tony Abete to second
|
Batting: LHB José Hernández
|
0-0: Ball 1-0: Foul Ball, location: 2F 1-1: Ball 2-1: Foul Ball, location: 2F 2-2: Foul Ball, location: 2F 2-2: Strikes out swinging
|
Bottom of the 3rd over - 0 run(s), 2 hit(s), 0 error(s), 2 left on base; New Orleans 2 - El Dorado 1 |
TOP OF THE 4TH |
New Orleans Looters batting - Pitching for El Dorado Oilers : RHP Francisco Ríos
|
Batting: LHB Taylor Smith
|
0-0: SINGLE (Groundball, 34D)
|
Batting: RHB Stephen Shaw
|
0-0: Foul Ball, location: 2F 0-1: Ball 1-1: Swinging Strike 1-2: SINGLE (Flyball, 89S) Taylor Smith to second Runner from 2nd tries for 3rd, SAFE, throw made to third
|
Batting: RHB Dave O'Loan
|
0-0: Ball 1-0: Swinging Strike 1-1: Ball 2-1: Fly out, F7 (Line Drive, 7) Runner from 3rd tags up, SCORES, throw made
|
Batting: LHB Eduardo Rodríguez
|
0-0: Called Strike 0-1: Called Strike 0-2: Strikes out looking
|
Batting: RHB Run-ming Zhu
|
0-0: Fly out, F9 (Flyball, 89S)
|
Top of the 4th over - 1 run(s), 2 hit(s), 0 error(s), 1 left on base; New Orleans 3 - El Dorado 1 |
BOTTOM OF THE 4TH |
El Dorado Oilers batting - Pitching for New Orleans Looters : RHP Ienobu Sato
|
Batting: RHB Sixto Vélez
|
0-0: Called Strike 0-1: Ball 1-1: Swinging Strike 1-2: Ball 2-2: Foul Ball, location: 2F 2-2: Strikes out swinging
|
Batting: RHB Chris Parker
|
0-0: Foul Ball, location: 2F 0-1: DOUBLE (Line Drive, 7LS)
|
Batting: RHB Bob Johnson
|
0-0: Fly out, F8 (Flyball, 78D)
|
Batting: LHB José Martínez
|
0-0: Foul Ball, location: 2F 0-1: Ground out 4-3 (Groundball, 4)
|
Bottom of the 4th over - 0 run(s), 1 hit(s), 0 error(s), 1 left on base; New Orleans 3 - El Dorado 1 |
TOP OF THE 5TH |
New Orleans Looters batting - Pitching for El Dorado Oilers : RHP Francisco Ríos
|
Batting: LHB Francisco Vega
|
0-0: Ball 1-0: Ball 2-0: Foul Ball, location: 2F 2-1: SINGLE (Flyball, 8LS)
|
Batting: RHB Tim Gardner
|
0-0: Ball 1-0: Called Strike 1-1: Called Strike 1-2: Foul Ball, location: 2F 1-2: Foul Ball, location: 2F 1-2: Ball 2-2: Strikes out looking
|
Batting: RHB Rubén Vázquez
|
0-0: Called Strike 0-1: Ball 1-1: Ball 2-1: Fielders Choice at 2nd, 1-6 (Groundball, 13)
|
Batting: LHB Seung-chun Mun
|
0-0: Ball 1-0: Foul Ball, location: 2F 1-1: Ball 2-1: Foul Ball, location: 2F 2-2: Ball 3-2: SINGLE (Line Drive, 56) Rubén Vázquez to second Rubén Vázquez to third
|
Batting: LHB Taylor Smith
|
0-0: Ball Wild Pitch! Rubén Vázquez scores Seung-chun Mun to second 1-0: 2-RUN HOME RUN (Flyball, 9D), Distance : 392 ft
|
Batting: RHB Stephen Shaw
|
0-0: Fly out, F7 (Flyball, 7)
|
Top of the 5th over - 3 run(s), 3 hit(s), 0 error(s), 0 left on base; New Orleans 6 - El Dorado 1 |
BOTTOM OF THE 5TH |
El Dorado Oilers batting - Pitching for New Orleans Looters : RHP Ienobu Sato
|
Batting: RHB José Carlos Caraballo
|
0-0: Foul Ball, location: 2F 0-1: Called Strike 0-2: Ball 1-2: Ball 2-2: Ball 3-2: Base on Balls
|
Pitching: RHP Roy March
|
|
Batting: SHB Theron Harper
|
0-0: Ball José Carlos Caraballo is caught stealing 2nd base 1-0: Foul Ball, location: 2F 1-1: Called Strike 1-2: Ball 2-2: Foul Ball, location: 2F 2-2: Strikes out swinging
|
Batting: LHB Ashley Pickhills
|
0-0: Fly out, F6 (Line Drive, 6)
|
Bottom of the 5th over - 0 run(s), 0 hit(s), 0 error(s), 0 left on base; New Orleans 6 - El Dorado 1 |
TOP OF THE 6TH |
New Orleans Looters batting - Pitching for El Dorado Oilers : RHP Francisco Ríos
|
Pitching: RHP Pete Cook
|
|
Batting: RHB Dave O'Loan
|
0-0: Swinging Strike 0-1: Ball 1-1: Fly out, F1 (Line Drive, 13S)
|
Batting: LHB Eduardo Rodríguez
|
0-0: Ball 1-0: Ball 2-0: Swinging Strike 2-1: Called Strike 2-2: Strikes out swinging
|
Batting: RHB Run-ming Zhu
|
0-0: Ball 1-0: Swinging Strike 1-1: Foul Ball, location: 2F 1-2: Strikes out swinging
|
Top of the 6th over - 0 run(s), 0 hit(s), 0 error(s), 0 left on base; New Orleans 6 - El Dorado 1 |
BOTTOM OF THE 6TH |
El Dorado Oilers batting - Pitching for New Orleans Looters : RHP Roy March
|
Batting: LHB Tony Abete
|
0-0: Called Strike 0-1: Ball 1-1: SOLO HOME RUN (Flyball, 9D), Distance : 384 ft
|
Batting: LHB José Hernández
|
0-0: Swinging Strike 0-1: Swinging Strike 0-2: Ball 1-2: Ground out 4-3 (Groundball, 34D)
|
Batting: RHB Sixto Vélez
|
0-0: Ball 1-0: Called Strike 1-1: Ball 2-1: Ball 3-1: Foul Ball, location: 2F 3-2: Fly out, F9 (Flyball, 9)
|
Batting: RHB Chris Parker
|
0-0: Called Strike 0-1: Fly out, F6 (Popup, 6MD)
|
Bottom of the 6th over - 1 run(s), 1 hit(s), 0 error(s), 0 left on base; New Orleans 6 - El Dorado 2 |
TOP OF THE 7TH |
New Orleans Looters batting - Pitching for El Dorado Oilers : RHP Pete Cook
|
Batting: LHB Francisco Vega
|
0-0: Called Strike 0-1: Foul Ball, location: 2F 0-2: Foul Ball, location: 2F 0-2: Foul Ball, location: 2F 0-2: Ball 1-2: Ball 2-2: SINGLE (Line Drive, 56D)
|
Batting: RHB Tim Gardner
|
0-0: Sac Bunt - play at first, batter OUT! 5-3 Francisco Vega to second
|
Batting: RHB Rubén Vázquez
|
0-0: Foul Ball, location: 2F 0-1: Ball 1-1: Ball 2-1: Called Strike 2-2: Strikes out swinging, 2-3 out at first.
|
Batting: LHB Seung-chun Mun
|
0-0: Foul Ball, location: 2F 0-1: Ball 1-1: Called Strike 1-2: Ball 2-2: Ground out 4-3 (Groundball, 4)
|
Top of the 7th over - 0 run(s), 1 hit(s), 0 error(s), 1 left on base; New Orleans 6 - El Dorado 2 |
BOTTOM OF THE 7TH |
El Dorado Oilers batting - Pitching for New Orleans Looters : RHP Roy March
|
Batting: RHB Bob Johnson
|
0-0: Foul Ball, location: 2F 0-1: Foul Ball, location: 2F 0-2: Strikes out looking
|
Batting: LHB José Martínez
|
0-0: Ball 1-0: Foul Ball, location: 2F 1-1: Swinging Strike 1-2: Strikes out looking
|
Batting: RHB José Carlos Caraballo
|
0-0: Ball 1-0: Ball 2-0: Ball 3-0: Base on Balls
|
Batting: SHB Theron Harper
|
0-0: Called Strike 0-1: Ball 1-1: Swinging Strike 1-2: Foul Ball, location: 2F 1-2: Strikes out swinging
|
Bottom of the 7th over - 0 run(s), 0 hit(s), 0 error(s), 1 left on base; New Orleans 6 - El Dorado 2 |
TOP OF THE 8TH |
New Orleans Looters batting - Pitching for El Dorado Oilers : RHP Pete Cook
|
Batting: LHB Taylor Smith
|
0-0: Ball 1-0: Foul Ball, location: 2F 1-1: Called Strike 1-2: Strikes out swinging
|
Batting: RHB Stephen Shaw
|
0-0: Called Strike Error on foul ball, E5 0-2: Ball 1-2: Strikes out swinging
|
Batting: RHB Dave O'Loan
|
0-0: Ball 1-0: Swinging Strike 1-1: Ball 2-1: Ball 3-1: Base on Balls
|
Batting: LHB Eduardo Rodríguez
|
0-0: SINGLE (Line Drive, 78S) Dave O'Loan to second
|
Batting: RHB Run-ming Zhu
|
0-0: Hit by Pitch Dave O'Loan to third Eduardo Rodríguez to second
|
Batting: LHB Francisco Vega
|
0-0: Foul Ball, location: 2F 0-1: Ball 1-1: Ball 2-1: Ball 3-1: Fly out, F7 (Line Drive, 7S)
|
Top of the 8th over - 0 run(s), 1 hit(s), 1 error(s), 3 left on base; New Orleans 6 - El Dorado 2 |
BOTTOM OF THE 8TH |
El Dorado Oilers batting - Pitching for New Orleans Looters : RHP Roy March
|
Batting: LHB Ashley Pickhills
|
0-0: Ball 1-0: Ball 2-0: Called Strike 2-1: Foul Ball, location: 2F 2-2: Ball 3-2: Foul Ball, location: 2F 3-2: SINGLE (Flyball, 8RS)
|
Batting: LHB Tony Abete
|
0-0: Ball 1-0: Ball 2-0: Swinging Strike 2-1: Foul Ball, location: 2F 2-2: Foul Ball, location: 2F 2-2: Fly out, F7 (Flyball, 7LD)
|
Batting: LHB José Hernández
|
0-0: Ground out 4-3 (Groundball, 4MD) Ashley Pickhills to second
|
Batting: RHB Sixto Vélez
|
0-0: Called Strike 0-1: Ball 1-1: SINGLE (Groundball, 6D) Ashley Pickhills to third Runner from 3rd tries for Home, SAFE, no throw
|
Pitching: RHP Juan Flores
|
|
Batting: RHB Chris Parker
|
0-0: Ball 1-0: Fly out, F9 (Flyball, 9LS)
|
Bottom of the 8th over - 1 run(s), 2 hit(s), 0 error(s), 1 left on base; New Orleans 6 - El Dorado 3 |
TOP OF THE 9TH |
New Orleans Looters batting - Pitching for El Dorado Oilers : RHP Pete Cook
|
Batting: RHB Tim Gardner
|
0-0: SINGLE (Groundball, 6MD)
|
Batting: RHB Rubén Vázquez
|
0-0: Ball 1-0: Ball 2-0: Ball 3-0: Called Strike 3-1: Sac Bunt - play at first, batter OUT! 2-4 Tim Gardner to second
|
Batting: LHB Seung-chun Mun
|
0-0: Ball 1-0: Ball 2-0: Ball 3-0: Called Strike 3-1: Swinging Strike 3-2: Base on Balls
|
Batting: LHB Taylor Smith
|
0-0: SINGLE (Line Drive, 4D) Tim Gardner to third Seung-chun Mun to second Runner from 3rd tries for Home, SAFE, throw made home
|
Batting: RHB Stephen Shaw
|
0-0: Fly out, F7 (Flyball, 7LM)
|
Batting: RHB Dave O'Loan
|
0-0: Called Strike 0-1: Called Strike 0-2: Ball 1-2: Ball 2-2: Foul Ball, location: 2F 2-2: Ball 3-2: Foul Ball, location: 2F 3-2: Base on Balls Seung-chun Mun to third Taylor Smith to second
|
Batting: LHB Eduardo Rodríguez
|
0-0: Swinging Strike 0-1: Ball 1-1: TRIPLE (Flyball, 7LD) Seung-chun Mun scores Taylor Smith scores Dave O'Loan scores
|
Pitching: RHP César López
|
|
Batting: RHB Run-ming Zhu
|
0-0: Called Strike 0-1: Swinging Strike 0-2: Ball 1-2: Ball 2-2: Ball 3-2: Ground out 5-3 (Groundball, 5S)
|
Top of the 9th over - 4 run(s), 3 hit(s), 0 error(s), 1 left on base; New Orleans 10 - El Dorado 3 |
BOTTOM OF THE 9TH |
El Dorado Oilers batting - Pitching for New Orleans Looters : LHP Tadao Yoshida
|
Pitching: LHP Tadao Yoshida
|
|
Batting: RHB Bob Johnson
|
0-0: Called Strike 0-1: Ball 1-1: Ball 2-1: Ball 3-1: Base on Balls
|
Batting: LHB José Martínez
|
0-0: Grounds into double play, 1-6-3 (Groundball, 13S)
|
Batting: RHB José Carlos Caraballo
|
0-0: Ball 1-0: Ball 2-0: Foul Ball, location: 2F 2-1: Reached on error, E4 (Groundball, 4S)
|
Batting: SHB Theron Harper
|
0-0: Ball 1-0: Called Strike 1-1: Called Strike 1-2: Strikes out swinging
|
Bottom of the 9th over - 0 run(s), 0 hit(s), 1 error(s), 1 left on base; New Orleans 10 - El Dorado 3 |
|